 Dungeon Crawl Stone Soup version 0.29-a0-294-g83ea962da3 (webtiles) character file.

Game seed: 1185192255705670218

14344 jmlagarto the Fighter (level 11, -2/98 (104) HPs)
             Began as a Minotaur Berserker on Mar 18, 2022.
             Was an Elder of Trog.
             Killed from afar by Nergalle (35 damage)
             ... with a bolt of negative energy
             ... on level 1 of the Lair of Beasts.
             The game lasted 00:37:16 (10839 turns).

jmlagarto the Fighter (Minotaur Berserker)         Turns: 10839, Time: 00:37:19

HP:   -2/98 (104)   AC: 18    Str: 25    XL:     11   Next: 87%
MP:   10/10         EV: 14    Int:  4    God:    Trog [****..]
Gold: 547           SH:  0    Dex: 17    Spells: 10/10 levels left

rFire   . . .      SeeInvis .   N - +5 hand axe
rCold   + . .      Faith    .   (no shield)
rNeg    . . .      Spirit   .   G - +3 chain mail
rPois   .          Reflect  .   (helmet restricted)
rElec   .          Harm     .   A - +0 cloak
rCorr   .          Rampage  .   (no gloves)
Will    ++...                   i - +0 pair of boots
Stlth   ..........              (no amulet)
HPRegen 1.26/turn               n - +6 ring of dexterity
MPRegen 0.12/turn               v - ring of protection from cold

@: mighty, strong-willed, on berserk cooldown, regenerating, slowed, drained,
very slow
A: horns 2, retaliatory headbutt
a: Renounce Religion, Berserk, Trog's Hand, Brothers in Arms


You were on level 1 of the Lair of Beasts.
You worshipped Trog.
Trog was greatly pleased with you.
You visited 2 branches of the dungeon, and saw 11 of its levels.

You collected 575 gold pieces.
You spent 28 gold pieces at shops.

Inventory:

Hand Weapons
 b - a +3 spear
 j - a +1 dagger of electrocution
 t - a +0 war axe
 y - a +4 vampiric rapier
 I - a +2 hand axe of electrocution
 L - the +5 great mace of the Six Artists {vamp, Fly}
   (You found it on level 8 of the Dungeon)

   It occasionally heals its wielder for a portion of the damage dealt when it
   wounds a living foe.
   Fly:       It grants you flight.
 N - a +5 hand axe (weapon)
 Q - a +2 hand axe of venom
 U - a +1 hand axe of flaming
Missiles
 c - 204 stones
 r - 2 atropa-tipped darts
 u - 21 poisoned darts (quivered)
 K - 4 javelins
Armour
 d - a +0 plate armour
 i - a +0 pair of boots (worn)
 s - a +0 scale mail
 A - a +0 cloak (worn)
 G - a +3 chain mail (worn)
 O - +0 steam dragon scales
Jewellery
 n - a +6 ring of dexterity (left hand)
 v - a ring of protection from cold (right hand)
 H - a ring of ice
 P - a ring of ice
Wands
 l - a wand of polymorph (9)
 p - a wand of paralysis (8)
 C - a wand of charming (18)
 D - a wand of flame (39)
 J - a wand of iceblast (8)
 V - a wand of digging (5)
Scrolls
 f - a scroll of enchant weapon
 o - a scroll of immolation {unknown}
 w - 2 scrolls of enchant armour {unknown}
 z - a scroll of amnesia {unknown}
 B - 5 scrolls of vulnerability
 E - a scroll of torment {unknown}
 M - a scroll of fog {unknown}
 S - a scroll of teleportation {unknown}
 T - a scroll of noise {unknown}
 W - a scroll of fear {unknown}
Potions
 a - 2 potions of lignification {unknown}
 e - 2 potions of magic
 g - 6 potions of curing
 h - a potion of attraction {unknown}
 k - 7 potions of flight
 m - a potion of haste {unknown}
 q - 2 potions of heal wounds
 x - a potion of might
 F - 2 potions of mutation {unknown}
 R - a potion of cancellation {unknown}


   Skills:
 + Level 11.8 Fighting
 + Level 11.7 Axes
 + Level 11.4 Armour
 + Level 10.5 Dodging
 + Level 4.5 Evocations


You had 10 spell levels left.
You didn't know any spells.
Your spell library was empty.

Dungeon Overview and Level Annotations

Branches:
Dungeon (10/15)            Temple (0/1) D:6            Lair (1/6) D:9
    Orc (0/2) D:9

Altars:
Dithmenos

Shops:
D:5 ?=   D:8 *   D:9 (

Annotations:
D:10 2 transporters
Lair:1 Nergalle


Innate Abilities, Weirdness & Mutations

You have a pair of horns on your head.
You reflexively headbutt those who attack you in melee.


Message History

Trog accepts your kill.
You completely miss the spectral orc warrior.
Nergalle mutters something.
The spectral orc warrior barely misses you.
The blink frog blinks!
The blink frog hits you.
Your life force feels restored.
You barely miss the blink frog. You headbutt the blink frog.
The blink frog is heavily wounded.
You hit the spectral orc warrior.
The blink frog blinks! x2
The spectral orc warrior hits you with a +0 halberd!
The blink frog closely misses you.
You miss the blink frog. Your headbutt misses the blink frog.
The blink frog is heavily wounded.
You hit the spectral orc warrior. The blink frog barely misses you.
The spectral orc warrior barely misses you.
You furiously retaliate!
You headbutt the spectral orc warrior! The blink frog misses you.
You slash the blink frog! You headbutt the blink frog!
You kill the blink frog!
Trog accepts your kill.
You slash the spectral orc warrior!
You destroy the spectral orc warrior!
The spectral orc warrior disappears in a puff of smoke!
The blink frog hits you.
The blink frog blinks!
The blink frog blinks!
The spectral orc knight barely misses you.
Nergalle closely misses you.
The blink frog blinks!
The spectral orc knight closely misses you.
Nergalle hits you with a +2 dagger of protection!
The blink frog blinks! x2
Things that are here:
a blink frog corpse; a bullfrog corpse; a yak skeleton You hit Nergalle.
Your headbutt misses Nergalle.
Nergalle is almost dead.
You hit the spectral orc knight.
The blink frog blinks!
The spectral orc knight completely misses you.
You furiously retaliate!
You headbutt the spectral orc knight!
Nergalle gestures at you while chanting.
The bolt of negative energy hits you!!
You feel drained.
You die...

###### ### #####
##.#.P#######.######.#.####
.........o@†...............
........ZF###.####P.....<..
####F..§Z##### ##....##..
######.§....#... #...#....
#....##....+......
#...#....
##....P#.....#.....
#...#....
....§...F..##.....
#...P.... .....##....# ....
#........ ###. #....# .##.
..#....


You could see Nergalle, 2 spectral orc knights and 3 blink frogs.

Vanquished Creatures
  A hydra (D:8)
  A centaur warrior (D:8)
  Erica (D:8)
  3 death yaks (D:9)
  The ghost of cheburek the Fighter, a novice DsAK of Lugonu (D:8)
  The ghost of robertstho the Thaumaturge, a novice DjFE (D:6)
  A black mamba (Lair:1)
  A cane toad (Lair:1)
  A troll (D:6)
  A hornet (D:9)
  6 blink frogs (Lair:1)
  Sigmund (D:2)
  2 wraiths (D:9)
  2 shadows (D:9)
  2 wyverns
  12 yaks
  Eustachio (D:4)
  A steam dragon (D:8)
  A vampire mosquito (D:8)
  3 water moccasins (Lair:1)
  Duvessa (D:4)
  3 orc warriors
  A sky beast (D:8)
  4 black bears
  8 centaurs
  2 phantoms
  3 bullfrogs
  2 kobold brigands (D:9)
  3 necrophages
  2 scorpions (D:6)
  Dowan (D:4)
  10 wights
  3 troll zombies (D:9)
  A howler monkey (D:5)
  4 jellies
  3 hounds (D:5)
  4 orc priests
  2 centaur skeletons (D:6)
  2 gnoll shamans
  4 iguanas
  5 orc wizards
  Terence (D:2)
  5 ogre zombies (D:9)
  A centaur simulacrum (D:6)
  Robin (D:2)
  10 gnolls
  11 adders
  2 river rats (D:5)
  2 shadow imps (D:6)
  A howler monkey simulacrum (D:6)
  An ufetubus (D:4)
  28 orcs
  6 ball pythons
  4 bats
  2 endoplasms (D:4)
  4 giant cockroaches
  12 goblins
  7 hobgoblins
  4 jackals (D:2)
  13 kobolds
  6 quokkas
  3 frilled lizards
  3 goblin skeletons (D:9)
  3 goblin zombies (D:9)
  4 hobgoblin skeletons (D:9)
  3 hobgoblin zombies (D:9)
  2 orc skeletons (D:9)
  10 orc zombies (D:9)
  4 rats
264 creatures vanquished.

Vanquished Creatures (others)
  3 fungi (Lair:1)
  5 plants (Lair:1)
8 creatures vanquished.

Grand Total: 272 creatures vanquished

Notes
Turn   | Place    | Note
-------+----------+-------------------------------------------
     0 | D:1      | jmlagarto the Minotaur Berserker began the quest for the
                  | Orb.
     0 | D:1      | Reached XP level 1. HP: 19/19 MP: 0/0
   200 | D:1      | Reached XP level 2. HP: 27/27 MP: 1/1
   869 | D:2      | Noticed Robin
   908 | D:2      | Killed Robin
   909 | D:2      | Reached XP level 3. HP: 32/33 MP: 2/2
   983 | D:2      | Noticed Sigmund
   997 | D:2      | Killed Sigmund
   998 | D:2      | Reached XP level 4. HP: 41/41 MP: 3/3
   998 | D:2      | Reached XP level 5. HP: 47/47 MP: 4/4
  1043 | D:2      | Noticed Terence
  1055 | D:2      | Killed Terence
  1056 | D:2      | Reached skill level 5 in Fighting
  1063 | D:2      | Reached skill level 5 in Axes
  1220 | D:2      | Found a faded altar of an unknown god.
  1238 | D:2      | Reached ** piety under Trog
  2375 | D:3      | Reached XP level 6. HP: 49/56 MP: 5/5
  2456 | D:4      | Noticed Eustachio
  2467 | D:4      | Killed Eustachio
  2699 | D:4      | Reached skill level 5 in Armour
  2762 | D:4      | Noticed a wyvern
  2767 | D:4      | Killed a wyvern
  2768 | D:4      | Reached XP level 7. HP: 36/63 MP: 6/6
  2954 | D:4      | Reached skill level 5 in Dodging
  3041 | D:4      | Noticed Dowan
  3062 | D:4      | Killed Dowan
  3091 | D:4      | Noticed Duvessa
  3197 | D:4      | Killed Duvessa
  3390 | D:5      | Entered Level 5 of the Dungeon
  3427 | D:5      | Reached XP level 8. HP: 64/71 MP: 7/7
  3916 | D:5      | Found Abladod's Jewellery Boutique.
  4208 | D:5      | Found Iwil's Magic Scroll Shop.
  4540 | D:5      | Bought a scroll of identify for 28 gold pieces
  4610 | D:5      | Reached *** piety under Trog
  5173 | D:6      | Found a runed translucent gate.
  5177 | D:6      | Found a runed translucent gate.
  5178 | D:6      | Found a runed translucent gate.
  5179 | D:6      | Noticed robertstho's ghost (novice DjFE)
  5184 | D:6      | Found a staircase to the Ecumenical Temple.
  5294 | D:6      | Reached XP level 9. HP: 81/81 MP: 8/8
  5389 | D:6      | Noticed a troll
  5393 | D:6      | Killed a troll
  5512 | D:6      | Found a shadowy altar of Dithmenos.
  5985 | D:6      | Killed robertstho's ghost
  6534 | D:8      | Identified the +5 great mace of the Six Artists {vamp, Fly}
  6722 | D:8      | Found Gadiotz's Lightly-Used Armoury.
  6991 | D:8      | Reached XP level 10. HP: 91/91 MP: 9/9
  7098 | D:8      | Noticed Erica
  7103 | D:8      | Killed Erica
  7128 | D:8      | Noticed a centaur warrior
  7132 | D:8      | Noticed a five-headed hydra
  7139 | D:8      | Killed a centaur warrior
  7140 | D:8      | Reached skill level 10 in Fighting
  7140 | D:8      | Reached skill level 10 in Axes
  7310 | D:8      | HP: 6/139 [15-headed hydra (12)]
  7310 | D:8      | HP: 1/139 [15-headed hydra (4)]
  7311 | D:8      | Killed a 15-headed hydra
  7312 | D:8      | Reached skill level 1 in Evocations
  7777 | D:8      | Reached skill level 10 in Armour
  7863 | D:8      | Found a runed translucent door.
  7864 | D:8      | Noticed cheburek's ghost (novice DsAK)
  8144 | D:8      | Killed cheburek's ghost
  8637 | D:9      | Found a staircase to the Orcish Mines.
  8665 | D:9      | Reached **** piety under Trog
  8666 | D:9      | Reached XP level 11. HP: 41/98 MP: 10/10
  9330 | D:9      | Noticed a death yak
  9341 | D:9      | Killed a death yak
  9385 | D:9      | Found a staircase to the Lair.
  9386 | D:9      | Noticed a death yak
  9388 | D:9      | Noticed a death yak
  9404 | D:9      | Killed a death yak
  9412 | D:9      | Killed a death yak
  9742 | D:9      | Reached skill level 10 in Dodging
  9855 | D:9      | Found Coaskuu's Antique Weapon Boutique.
 10150 | D:10     | Entered Level 10 of the Dungeon
 10244 | D:10     | Found a transporter.
 10244 | D:10     | Found a transporter.
 10342 | Lair:1   | Entered Level 1 of the Lair of Beasts
 10784 | Lair:1   | Noticed Nergalle
 10839 | Lair:1   | Killed from afar by Nergalle

Illustrated notes

Levels and vault maps discovered:
D:1:      dpeg_arrival_simpleton_c, layout_basic
D:2:      layout_basic, shapermc_ecumenical_altar_venn, minmay_3d_cube,
          uniq_robin, uniq_sigmund, uniq_terence
D:3:      layout_basic, serial_rivers, chequers_serial_rivers_small_b,
          chequers_serial_rivers_micro_b, chequers_serial_rivers_micro_e,
          chequers_serial_rivers_micro_d, chequers_serial_rivers_small_3,
          chequers_serial_rivers_large_a
D:4:      layout_gridville, kennysheep_generic_room_15, uniq_eustachio,
          uniq_duvessa
D:5:      layout_basic, portal_sewer_entry_c, serial_shops, nicolae_shop_trees,
          nicolae_diamond_shop, nicolae_sextant, amethyst_killhole,
          hangedman_decor_growths, minivault_25
D:6:      layout_loops_ring, mainiacjoe_overflow_concentric_impassable,
          minmay_temple_entry_waves, gammafunk_ghost_necromancy
D:7:      layout_basic
D:8:      minmay_chambers_of_sixes, layout_basic, ebering_ghost_reflecting_pool,
          minmay_shop_damaged, kennysheep_another_room, uniq_erica
D:9:      layout_loops_ring, dpeg_lair_monsters, zombieorc2_lemuel,
          serial_shops, shop
D:10:     layout_roguey, gammafunk_ghost_hive
Lair:1:   layout_regular_city, ebering_ghost_disaster_area,
          grunt_forest_stairs_basic, lemuel_fruit_fields, uniq_nergalle

Skill      XL: |  1  2  3  4  5  6  7  8  9 10 11 |
---------------+----------------------------------+-----
Fighting       | 4 5 6 7 9 10 11 | 11.8
Axes           | 4 5 6 7 9 10 11 | 11.7
Armour         | 3 4 5 6 7 9 10 11 | 11.4
Dodging        | 3 4 5 6 8 9 10 | 10.5
Evocations     | 2 4 |  4.5

Action                   |  1- 3 |  4- 6 |  7- 9 | 10-12 || total
-------------------------+-------+-------+-------+-------++-------
Melee: Hand axe          |    50 |    52 |    73 |   354 ||   529
       Headbutt          |     3 |    12 |    52 |    90 ||   157
       Unarmed           |     1 |       |       |       ||     1
       Punch             |     1 |     1 |     2 |     7 ||    11
       War axe           |       |    41 |   144 |       ||   185
Throw: Dart              |       |       |     7 |     6 ||    13
       Javelin           |       |       |     7 |     4 ||    11
Invok: Berserk           |     2 |     2 |     6 |     9 ||    19
       Trog's Hand       |       |     1 |     2 |     4 ||     7
Evoke: Wand              |       |       |       |     3 ||     3
  Use: Scroll            |       |       |     5 |     1 ||     6
       Potion            |       |       |     2 |     1 ||     3
Armor: Ring mail         |     8 |    14 |       |       ||    22
       Skin              |     2 |       |       |       ||     2
       Scale mail        |       |    15 |    39 |       ||    54
       Chain mail        |       |       |    65 |   136 ||   201
       Plate armour      |       |       |     5 |       ||     5
Dodge: Dodged            |    36 |    60 |   116 |   220 ||   432

Table legend: (Time is in decaauts)
 A = Elapsed time spent in this place.
 B = Non-inter-level travel time spent in this place.
 C = Inter-level travel time spent in this place.
 D = Time resting spent in this place.
 E = Time spent auto-exploring this place.
 F = Levels seen in this place.
 G = Mean time per level.
                   A        B        C        D        E       F      G
               +--------+--------+--------+--------+--------+-----+--------+
         Total |  10993 |  10483 |    510 |    513 |   7712 |  11 |  999.4 |
       Dungeon |  10524 |  10014 |    510 |    513 |   7369 |  10 | 1052.4 |
          Lair |    469 |    469 |      0 |      0 |    343 |   1 |  469.0 |
               +--------+--------+--------+--------+--------+-----+--------+

Top non-repeatable levels by time:
     D:9: 1881 daAuts
     D:8: 1830 daAuts
     D:5: 1540 daAuts
     D:6: 1164 daAuts
     D:4: 1056 daAuts
     D:2: 850 daAuts
     D:3: 833 daAuts
     D:1: 746 daAuts
  Lair:1: 469 daAuts
     D:7: 455 daAuts
    D:10: 167 daAuts
